 Dungeon Crawl Stone Soup version 0.23.2-1-ga50397a6bc (webtiles) character file.

Game seed: 977833107121608862

186696 Andrea the Covert (level 18, -2/138 HPs)
             Began as a Gnoll Wizard on Apr 21, 2019.
             Was the Champion of Cheibriados.
             Slain by a merfolk impaler
             ... wielding a +2 trident of protection
              (17 damage)
             ... on level 4 of the Shoals on Apr 23, 2019.
             The game lasted 02:31:08 (38987 turns).

Andrea the Covert (Gnoll Wizard)                   Turns: 38987, Time: 02:31:08

Health: -2/138     AC: 40    Str: 36    XL:     18   Next: 5%
Magic:  35/35      EV: 28    Int: 39    God:    Cheibriados [******]
Gold:   3102       SH: 12    Dex: 35    Spells: 18/43 levels left

rFire    . . .     SeeInvis .   a - +4 falchion (flame)
rCold    . . .     Gourm    +   H - +2 buckler
rNeg     . . .     Faith    .   E - +27 Lear's hauberk
rPois    .         Spirit   .   (helmet currently unavailable)
rElec    .         Reflect  .   f - +0 cloak {MR+}
rCorr    .         Harm     .   (gloves currently unavailable)
MR       +++..                  (boots currently unavailable)
Stlth    +++++.....             A - amulet of Gin and Tonic {Gourm Int+3}
HPRegen  0.33/turn              z - ring of protection from magic
MPRegen  0.24/turn              O - +5 ring of slaying

@: mighty, agile, very slightly contaminated, studying Stealth, invisible, very
slow
A: distributed training, fangs 1, strong nose
}: 1/15 runes: gossamer
a: Bend Time, Temporal Distortion, Slouch, Step From Time, Renounce Religion


You were on level 4 of the Shoals.
You worshipped Cheibriados.
Cheibriados was exalted by your worship.
You were completely stuffed.

You visited 7 branches of the dungeon, and saw 33 of its levels.
You also visited: Gauntlet and Volcano.

You collected 3345 gold pieces.
You spent 243 gold pieces at shops.

Inventory:

Hand Weapons
 a - a +4 falchion of flaming (weapon)
Missiles
 I - 7 throwing nets (quivered)
Armour
 f - a +0 cloak of magic resistance (worn)
 t - a scarf of cloud immunity
 E - the +27 Lear's hauberk (worn)
   (You found it on level 7 of the Dungeon)
 H - a +2 buckler (worn)
 R - a +0 pair of gloves of strength
 V - the +1 helmet of Analysis {rPois rF+ rN+ rCorr}
   (You found it on level 3 of the Lair of Beasts)

   It protects you from fire.
   It protects you from poison.
   It protects you from negative energy.
   It provides partial protection from all sources of acid and corrosion.
 Y - a +2 pair of gloves
Magical Staves
 b - an uncursed staff of wizardry
Jewellery
 h - an uncursed ring of fire
 j - an uncursed ring of see invisible
 z - a ring of protection from magic (left hand)
 A - the amulet of Gin and Tonic (around neck) {Gourm Int+3}
   (You found it in a Gauntlet)

   [amulet of the gourmand]

   It allows you to eat raw meat even when not hungry.
   It affects your intelligence (+3).
 C - an uncursed ring of ice
 O - a +5 ring of slaying (right hand)
Wands
 i - a wand of paralysis (12)
 p - a wand of clouds (4)
 s - a wand of scattershot (5)
 v - a wand of polymorph (21)
 K - a wand of iceblast (9)
 U - a wand of digging (7)
 X - a wand of disintegration (26)
Scrolls
 g - 10 scrolls of remove curse
 m - 7 scrolls of enchant weapon
 n - 3 scrolls of magic mapping
 o - 8 scrolls of teleportation
 r - 2 scrolls of enchant armour
 u - 4 scrolls of identify
 w - 4 scrolls of amnesia
 y - 5 scrolls of blinking
 G - a scroll of vulnerability
 L - a scroll of brand weapon
 N - a scroll of holy word
 Q - 3 scrolls of fear
 Z - 3 scrolls of fog
Potions
 c - 6 potions of agility
 e - 6 potions of lignification
 k - 2 potions of cancellation
 q - 6 potions of ambrosia
 x - 3 potions of heal wounds
 B - 2 potions of might
 D - 3 potions of invisibility
 F - 3 potions of curing
 J - 3 potions of mutation
 S - 4 potions of brilliance
 T - 6 potions of resistance
 W - 4 potions of magic
Books
 l - a manual of Stealth
Miscellaneous
 M - a phantom mirror
Comestibles
 d - 54 rations
 P - 4 chunks of flesh


   Skills:
 + Level 11.4 Fighting
 + Level 11.4 Short Blades
 + Level 11.4 Long Blades
 + Level 11.4 Axes
 + Level 11.4 Maces & Flails
 + Level 11.4 Polearms
 + Level 11.4 Staves
 + Level 11.4 Slings
 + Level 11.4 Bows
 + Level 11.4 Crossbows
 + Level 11.4 Throwing
 + Level 11.4 Armour
 + Level 12.2 Dodging
 + Level 13.5 Stealth
 + Level 11.4 Shields
 + Level 11.4 Unarmed Combat
 + Level 13.2 Spellcasting
 + Level 10.0 Conjurations
 + Level 9.8 Hexes
 + Level 9.8 Charms
 + Level 10.0 Summonings
 + Level 9.8 Necromancy
 + Level 10.0 Translocations
 + Level 9.8 Transmutations
 + Level 9.8 Fire Magic
 + Level 9.8 Ice Magic
 + Level 9.8 Air Magic
 + Level 9.8 Earth Magic
 + Level 9.8 Poison Magic
 + Level 12.4 Invocations
 + Level 11.4 Evocations


You had 18 spell levels left.
You knew the following spells:

 Your Spells              Type           Power        Failure   Level  Hunger
a - Magic Dart            Conj           ####         1%          1    None
b - Call Imp              Summ           #######.     1%          2    None
c - Conjure Flame         Conj/Fire      #######.     1%          3    None
d - Mephitic Cloud        Conj/Pois/Air  #######.     1%          3    None
e - Blink                 Tloc           N/A          1%          2    None
f - Summon Lightning Spi  Summ/Air       #######.     1%          4    None
g - Passage of Golubria   Tloc           N/A          1%          4    None
h - Deflect Missiles      Chrm/Air       #######...   11%         6    ##.....

Your spell library contained the following spells:

 Spells                   Type           Power        Failure   Level  Hunger
 Animate Skeleton         Necr           N/A          1%          1    None
 Apportation              Tloc           ######       1%          1    None
 Confusing Touch          Hex            ######       1%          1    None
 Corona                   Hex            #######      1%          1    None
 Flame Tongue             Conj/Fire      #####        1%          1    None
 Sandblast                Erth           ######       1%          1    None
 Summon Small Mammal      Summ           ####         1%          1    None
 Passwall                 Tmut/Erth      #######.     1%          2    None
 Slow                     Hex            #######.     1%          2    None
 Throw Flame              Conj/Fire      ######       1%          2    None
 Confuse                  Hex            #######.     1%          3    None
 Gell's Gravitas          Tloc           #######...   1%          3    None
 Ignite Poison            Fire/Tmut/Pois #######.     1%          3    None
 Inner Flame              Hex/Fire       #######.     1%          3    None
 Portal Projectile        Hex/Tloc       ######       1%          3    None
 Stone Arrow              Conj/Erth      ######       1%          3    None
 Summon Guardian Golem    Hex/Summ       #######.     1%          3    None
 Cause Fear               Hex            #######...   1%          4    None
 Leda's Liquefaction      Hex/Erth       #######...   1%          4    None
 Petrify                  Tmut/Erth      #######.     1%          4    None
 Sticky Flame             Conj/Fire      #######.     1%          4    None
 Summon Ice Beast         Ice/Summ       #######.     1%          4    None
 Alistair's Intoxication  Tmut/Pois      #######.     1%          5    None
 Fireball                 Conj/Fire      #######...   1%          5    None
 Lee's Rapid Deconstruct  Erth           #######...   1%          5    None
 Metabolic Englaciation   Hex/Ice        #######...   1%          5    None
 Silence                  Hex/Air        #######...   1%          5    None
 Yara's Violent Unravell  Hex/Tmut       #######...   1%          5    None
 Dispersal                Tloc           #######...   10%         6    ##.....
 Bolt of Fire             Conj/Fire      #######...   11%         6    ##.....
 Conjure Ball Lightning   Conj/Air       #######...   11%         6    ##.....
 Malign Gateway           Summ/Tloc      #######...   50%         7    ####...
 Dragon Form              Tmut           #######...   52%         7    ####...
 Dragon's Call            Summ           #######...   100%        9    #######
 Tornado                  Air            #######...   100%        9    #######


Dungeon Overview and Level Annotations

Branches:
Dungeon (15/15)            Temple (1/1) D:5            Lair (6/6) D:11
 Shoals (4/4) Lair:3       Spider (4/4) Lair:4        Slime (0/5) Lair:6
    Orc (2/2) D:11            Elf (1/3) Orc:2        Vaults (0/5) D:13
 Depths (0/5) D:15

Altars:
Ashenzari
Cheibriados
Dithmenos
Elyvilon
Fedhas
Gozag
Hepliaklqana
Kikubaaqudgha
Makhleb
Nemelex Xobeh
Okawaru
Qazlal
Ru
Sif Muna
Trog
Uskayaw
Vehumet
Wu Jian
Xom
Yredelemnul
Zin
The Shining One
Beogh
Jiyva

Shops:
D:4 *   D:5 (   D:11 [   D:14 ?   Orc:2 :[(!

Annotations:
Lair:6 3 runed translucent doors, spacerossing's ghost, journeyman FoHu
Shoals:1 3 runed translucent doors, exclusion: obsidian statue, voshxz's ghost, journeyman GrFi
Spider:1 exclusions: entropy weaver and jumping spider, Donald; Roxanne
Elf:1 Frances


Innate Abilities, Weirdness & Mutations

Your experience applies equally to all skills.
You have very sharp teeth.
Your uncanny sense of smell can sniff out nearby items.


Message History

You feel agile all of a sudden. The sea snake misses you.
You block the merfolk aquamancer's attack.
The merfolk aquamancer shouts!
You slash the water elemental! You burn the water elemental!
You destroy the water elemental!
Cheibriados thoroughly appreciates the change of pace.
The merfolk aquamancer hits you with a +0 rapier!
* * * LOW HITPOINT WARNING * * *
The merfolk aquamancer points at you and mumbles some strange words.
The ball of steam hits you!!
* * * LOW HITPOINT WARNING * * *
The wind drake seems to regain its courage.
The merfolk impaler is engulfed in a cloud of scalding steam.
The merfolk aquamancer hits you but does no damage.
There is a stone staircase leading up here.
Things that are here:
a large rock; a wand of acid (10)
The merfolk impaler hits you from afar with a +2 trident of protection!
You die...

≈≈≈≈≈≈≈≈≈≈≈.#### ..≈≈
≈≈P≈≈≈≈P≈≈.k#≈.####...≈
≈≈≈≈≈P≈YP≈≈..........≈≈
≈≈≈≈≈≈≈≈P≈.S..≈......≈≈
≈≈≈≈≈≈≈≈..t..........≈≈
≈≈≈≈≈≈≈.P.....P..k....≈
≈≈≈≈≈≈≈...............≈
≈≈≈≈≈≈...P...Pm.......≈
≈≈≈≈≈≈..P..§m§@m....m.≈
≈≈≈≈P≈..PP....§k.......
≈≈≈≈≈≈PP...........^...
≈≈≈≈≈≈≈.P.######.......
≈≈≈≈≈P≈≈...# .......
≈≈≈≈≈≈≈≈..## #####.≈
≈≈≈≈≈≈≈≈.## ≈
≈≈≈≈≈≈≈≈.. ≈≈≈≈≈≈≈≈..


You could see a merfolk impaler, a sea snake, 3 merfolk aquamancers, a snapping
turtle, 3 wind drakes and a dream sheep (wandering).

Vanquished Creatures
  Arachne (Spider:2)
  Asterion (Spider:2)
  Gastronok (Lair:1)
  Agnes (Spider:1)
  An azure jelly (shapeshifter) (D:15)
  An orc warlord (Orc:2)
  Louise (Spider:3)
  4 ghost moths
  The ghost of Tartanist the Warrior, a journeyman GrFi of the Shining One (D:14)
  Azrael (Spider:1)
  A spark wasp (Spider:3)
  A minotaur (Gauntlet)
  A fire dragon (Volcano)
  A merfolk impaler (Shoals:1)
  Josephine (Orc:1)
  A rakshasa (D:15)
  Harold (D:11)
  4 hydras
  A catoblepas (Lair:6)
  A merfolk aquamancer (Shoals:1)
  2 centaur warriors (D:14)
  Erica (D:9)
  4 dancing weapons
  The ghost of chimenez the Grappler, a novice TrTm of Okawaru (D:10)
  2 two-headed ogres
  A death yak (Lair:4)
  3 tengu warriors
  An orc high priest (Orc:2)
  A fire crab (Gauntlet)
  2 unseen horrors (D:15)
  3 sea snakes
  A wizard (D:13)
  An orc knight (Orc:2)
  Pikel (D:3)
  5 orb spiders
  20 wolf spiders
  An orc sorcerer (Orc:2)
  2 cyclopes
  4 ugly things
  2 deep elf magi
  7 manticores
  3 centaur zombies
  Maurice (Orc:1)
  A moth of wrath (Spider:4)
  3 black mambas (Lair:6)
  Joseph (D:10)
  A merfolk siren (Shoals:1)
  4 elephants (Lair:6)
  2 water nymphs
  9 spiny frogs
  A torpor snail (Spider:3)
  An efreet (Gauntlet)
  8 demonic crawlers
  2 gargoyles
  4 komodo dragons
  A queen bee (D:11)
  3 trolls
  2 red devils (D:9)
  4 hornets
  3 merfolk
  4 meliai (D:14)
  A polar bear (Lair:4)
  14 jumping spiders
  9 slime creatures
  18 blink frogs
  9 dream sheep
  13 hippogriffs
  6 wraiths
  23 yaks
  31 tarantellas
  4 wyverns
  53 redbacks
  9 water elementals
  2 shadows
  2 fire elementals (Spider:1)
  4 fire bats
  4 basilisks
  Menkaure (D:4)
  2 acid dragons
  3 wargs
  3 hell hounds
  10 porcupines
  7 water moccasins
  20 orc warriors
  2 slaves (D:4)
  2 black bears
  3 phantoms
  4 sky beasts
  7 ice beasts
  2 necrophages
  A boggart (D:15)
  5 wolves
  5 ogres
  8 centaurs
  2 eyes of draining
  13 crocodiles
  5 big kobolds
  2 gnoll sergeants
  12 bullfrogs
  3 scorpions
  A water moccasin skeleton (D:5)
  3 jellies
  26 killer bees
  4 wights
  4 electric eels
  A howler monkey (D:5)
  A bullfrog zombie (D:9)
  7 crimson imps
  2 quasits
  14 orc priests
  5 hounds
  20 orc wizards
  2 bullfrog skeletons
  5 centaur skeletons
  7 iron imps (D:9)
  Crazy Yiuf (D:2)
  Jessica (D:3)
  7 iguanas
  Natasha (thrice) (D:3)
  6 worker ants
  A killer bee zombie (D:6)
  A hound zombie (D:7)
  2 hound skeletons
  A howler monkey zombie (D:9)
  Robin (D:2)
  8 adders
  17 gnolls
  3 shadow imps
  3 oozes
  An adder zombie (D:5)
  An adder skeleton (D:7)
  3 worms
  4 dart slugs
  9 leopard geckos
  64 orcs
  9 giant cockroaches
  18 goblins
  10 hobgoblins
  4 jackals
  14 kobolds
  4 quokkas
  A ball python (D:2)
  9 bats
  7 frilled lizards
  A quokka skeleton (D:5)
  8 rats
797 creatures vanquished.

Vanquished Creatures (collateral kills)
  Aizul (Shoals:3)
  4 emperor scorpions
  2 entropy weavers
  A hydra (Lair:1)
  A rakshasa (D:15)
  2 centaur warriors
  2 merfolk aquamancers
  2 catoblepae (Lair:6)
  A satyr (Shoals:3)
  4 death yaks (Lair:6)
  A tengu warrior (D:12)
  2 sea snakes (Shoals:1)
  A lindwurm (Volcano)
  An orc sorcerer (D:14)
  11 wolf spiders
  A mana viper (shapeshifter) (D:15)
  17 orb spiders
  2 cyclopes (D:12)
  A deep elf mage (D:15)
  2 manticores
  2 centaur zombies
  3 ugly things
  2 elephants (Lair:6)
  3 fauns (Shoals:1)
  A guardian serpent (shapeshifter) (D:14)
  4 torpor snails
  A moth of wrath (Spider:4)
  A water nymph (Shoals:1)
  A black mamba (Lair:1)
  A smoke demon (Gauntlet)
  2 spiny frogs (Lair:4)
  2 demonic crawlers
  A rime drake (Lair:4)
  A tengu conjurer (D:13)
  A meliai (shapeshifter) (D:15)
  20 jumping spiders
  A polar bear (Lair:6)
  2 meliai (D:14)
  A jumping spider (shapeshifter) (D:15)
  2 merfolk (Shoals:4)
  3 slime creatures (D:15)
  A hippogriff (D:12)
  A snapping turtle (Shoals:2)
  11 blink frogs
  4 dream sheep
  2 hornets
  12 tarantellas
  25 redbacks
  25 yaks
  A wraith (Orc:1)
  A water elemental (Shoals:1)
  A fire elemental (Gauntlet)
  4 fire bats
  A soldier ant (D:13)
  An acid dragon (D:15)
  4 hell hounds (Gauntlet)
  16 orc warriors
  A phantom (D:14)
  3 boggarts (D:15)
  3 ogres
  10 wolves
  7 centaurs
  3 killer bees (D:11)
  8 wights
  2 crimson imps
  A jelly (D:14)
  9 orc priests
  A hound (D:12)
  11 orc wizards
  3 iguanas (D:12)
  32 orcs
  3 kobolds (D:13)
  3 fungi
324 creatures vanquished.

Vanquished Creatures (others)
  An orc warrior (Orc:1)
  A boggart (D:15)
  An orc wizard (Orc:1)
  An orc (D:5)
  A ball python (D:5)
  A jackal skeleton (D:5)
  14 fungi
  15 plants
35 creatures vanquished.

Grand Total: 1156 creatures vanquished

Notes
Turn   | Place    | Note
-------+----------+-------------------------------------------
     0 | D:1      | Andrea the Gnoll Wizard began the quest for the Orb.
     0 | D:1      | Reached XP level 1. HP: 13/13 MP: 8/8
    87 | D:1      | Reached XP level 2. HP: 19/19 MP: 1/10
   159 | D:1      | Learned a level 2 spell: Call Imp
   480 | D:1      | Reached XP level 3. HP: 25/25 MP: 6/11
   726 | D:1      | Reached skill level 1 in Invocations
  1059 | D:1      | Learned a level 3 spell: Conjure Flame
  1063 | D:1      | Learned a level 3 spell: Mephitic Cloud
  1088 | D:2      | Found an ornate altar of the Wu Jian Council.
  1196 | D:2      | Reached skill level 1 in Fighting
  1196 | D:2      | Reached skill level 1 in Short Blades
  1196 | D:2      | Reached skill level 1 in Long Blades
  1196 | D:2      | Reached skill level 1 in Axes
  1196 | D:2      | Reached skill level 1 in Maces & Flails
  1196 | D:2      | Reached skill level 1 in Polearms
  1196 | D:2      | Reached skill level 1 in Staves
  1196 | D:2      | Reached skill level 1 in Slings
  1196 | D:2      | Reached skill level 1 in Bows
  1196 | D:2      | Reached skill level 1 in Crossbows
  1196 | D:2      | Reached skill level 1 in Throwing
  1196 | D:2      | Reached skill level 1 in Armour
  1196 | D:2      | Reached skill level 1 in Shields
  1196 | D:2      | Reached skill level 1 in Unarmed Combat
  1196 | D:2      | Reached skill level 1 in Evocations
  1257 | D:2      | Reached XP level 4. HP: 32/32 MP: 2/13
  1728 | D:2      | Found a runed translucent door.
  1731 | D:2      | Noticed Crazy Yiuf
  1798 | D:3      | Noticed Robin
  1881 | D:2      | Reached skill level 1 in Hexes
  1881 | D:2      | Reached skill level 1 in Charms
  1881 | D:2      | Reached skill level 1 in Necromancy
  1881 | D:2      | Reached skill level 1 in Transmutations
  1881 | D:2      | Reached skill level 1 in Fire Magic
  1881 | D:2      | Reached skill level 1 in Ice Magic
  1881 | D:2      | Reached skill level 1 in Air Magic
  1881 | D:2      | Reached skill level 1 in Earth Magic
  1881 | D:2      | Reached skill level 1 in Poison Magic
  2036 | D:2      | Killed Robin
  2169 | D:3      | Reached XP level 5. HP: 37/37 MP: 5/14
  2252 | D:3      | Noticed Jessica
  2259 | D:3      | Killed Jessica
  2337 | D:3      | Learned a level 2 spell: Blink
  2704 | D:3      | Noticed Natasha
  2848 | D:3      | Killed Natasha
  2947 | D:3      | Noticed Natasha
  2955 | D:3      | Killed Natasha
  3090 | D:3      | Noticed Natasha
  3096 | D:3      | Killed Natasha
  3096 | D:3      | Reached XP level 6. HP: 13/44 MP: 9/16
  3334 | D:4      | Found Bettaseapi's General Store.
  3462 | D:4      | Noticed Menkaure
  3679 | D:4      | Reached skill level 5 in Dodging
  3794 | D:4      | Noticed Pikel
  3796 | D:4      | Noticed a slave
  3799 | D:4      | Noticed a slave
  3806 | D:4      | Killed a slave
  3807 | D:4      | Killed a slave
  3812 | D:4      | Noticed a slave
  4147 | D:3      | Killed Pikel
  4147 | D:3      | Reached skill level 5 in Stealth
  4147 | D:3      | Reached XP level 7. HP: 20/51 MP: 6/18
  4587 | D:4      | Killed Menkaure
  4587 | D:4      | Reached XP level 8. HP: 10/57 MP: 19/19
  4962 | D:5      | Entered Level 5 of the Dungeon
  5676 | D:5      | Found Cik Hug's Antique Weapon Shoppe.
  6048 | D:5      | Reached XP level 9. HP: 43/65 MP: 3/21
  6190 | D:5      | Found a staircase to the Ecumenical Temple.
  6199 | Temple   | Entered the Ecumenical Temple
  6215 | Temple   | Became a worshipper of Cheibriados the Contemplative
  6352 | D:5      | Found a shimmering altar of Xom.
  7018 | D:2      | Killed Crazy Yiuf
  8044 | D:6      | Found a basalt altar of Yredelemnul.
  8199 | D:7      | Found a stormy altar of Qazlal.
  8228 | D:7      | Reached * piety under Cheibriados
  8993 | D:7      | Identified Sif Muna's Disquisition on Warped Companions
  9103 | D:7      | Found the +27 Lear's hauberk
  9182 | D:7      | Reached skill level 5 in Invocations
 10046 | D:8      | Reached ** piety under Cheibriados
 10155 | D:8      | Reached XP level 10. HP: 70/73 MP: 18/22
 10159 | D:8      | Found a sacrificial altar of Ru.
 10177 | D:8      | Learned a level 4 spell: Summon Lightning Spire
 10274 | D:8      | Learned a level 4 spell: Passage of Golubria
 10856 | D:8      | Paralysed by a crimson imp for 3 turns
 10953 | D:8      | Noticed a three-headed hydra
 10972 | D:8      | Reached skill level 5 in Fighting
 10972 | D:8      | Reached skill level 5 in Short Blades
 10972 | D:8      | Reached skill level 5 in Long Blades
 10972 | D:8      | Reached skill level 5 in Axes
 10972 | D:8      | Reached skill level 5 in Maces & Flails
 10972 | D:8      | Reached skill level 5 in Polearms
 10972 | D:8      | Reached skill level 5 in Staves
 10972 | D:8      | Reached skill level 5 in Slings
 10972 | D:8      | Reached skill level 5 in Bows
 10972 | D:8      | Reached skill level 5 in Crossbows
 10972 | D:8      | Reached skill level 5 in Throwing
 10972 | D:8      | Reached skill level 5 in Armour
 10972 | D:8      | Reached skill level 5 in Shields
 10972 | D:8      | Reached skill level 5 in Unarmed Combat
 10972 | D:8      | Reached skill level 5 in Evocations
 10996 | D:7      | Killed a three-headed hydra
 11250 | D:7      | Reached *** piety under Cheibriados
 11281 | D:7      | Reached skill level 5 in Conjurations
 11281 | D:7      | Reached skill level 5 in Summonings
 11281 | D:7      | Reached skill level 5 in Translocations
 11822 | D:9      | Found a white marble altar of Elyvilon.
 11909 | D:9      | Noticed Erica
 11918 | D:9      | Killed Erica
 11918 | D:9      | Reached XP level 11. HP: 71/81 MP: 20/24
 12085 | D:9      | Reached **** piety under Cheibriados
 12343 | D:9      | Found a burning altar of Makhleb.
 13310 | D:9      | Found a burning altar of Makhleb.
 13318 | D:9      | Found an iron altar of Okawaru.
 13578 | D:10     | Entered Level 10 of the Dungeon
 13797 | D:10     | Noticed Joseph
 13818 | D:10     | Killed Joseph
 13818 | D:10     | Reached skill level 5 in Hexes
 13818 | D:10     | Reached skill level 5 in Charms
 13818 | D:10     | Reached skill level 5 in Necromancy
 13818 | D:10     | Reached skill level 5 in Transmutations
 13818 | D:10     | Reached skill level 5 in Fire Magic
 13818 | D:10     | Reached skill level 5 in Ice Magic
 13818 | D:10     | Reached skill level 5 in Air Magic
 13818 | D:10     | Reached skill level 5 in Earth Magic
 13818 | D:10     | Reached skill level 5 in Poison Magic
 14184 | D:10     | Found a runed translucent door.
 14385 | D:10     | Noticed chimenez's ghost (novice TrTm)
 14409 | D:10     | Killed chimenez's ghost
 14600 | D:11     | Found a staircase to the Orcish Mines.
 14697 | D:11     | Noticed Harold
 14707 | D:11     | Killed Harold
 14744 | D:11     | Reached ***** piety under Cheibriados
 14947 | D:11     | Found a staircase to the Lair.
 15506 | D:11     | Reached XP level 12. HP: 89/89 MP: 19/25
 15771 | D:11     | Found Vuodd's Antique Armour Shop.
 16107 | Lair:1   | Entered Level 1 of the Lair of Beasts
 16107 | Lair:1   | Noticed an eight-headed hydra
 16110 | Lair:1   | Killed a six-headed hydra
 16270 | Lair:1   | Reached skill level 10 in Spellcasting
 16498 | Lair:1   | Reached ****** piety under Cheibriados
 16499 | Lair:1   | Noticed Gastronok
 17702 | Lair:2   | Noticed an eight-headed hydra
 17708 | Lair:2   | Killed a six-headed hydra
 18319 | Lair:3   | Got a fine helmet
 19005 | Lair:3   | Found a staircase to the Shoals.
 19228 | Lair:4   | Noticed a four-headed hydra
 19233 | Lair:4   | Killed a one-headed hydra
 19242 | Lair:4   | Reached XP level 13. HP: 88/98 MP: 21/27
 19622 | Lair:4   | Found a dark tunnel.
 19635 | Volcano  | Entered a volcano
 19755 | Volcano  | Noticed a fire dragon
 19784 | Volcano  | Killed a fire dragon
 20259 | Lair:4   | Found a hole to the Spider Nest.
 21495 | Lair:6   | Entered Level 6 of the Lair of Beasts
 22122 | Lair:6   | Found a viscous altar of Jiyva.
 22123 | Lair:6   | Found a staircase to the Slime Pits.
 22379 | Lair:6   | Reached XP level 14. HP: 106/106 MP: 22/29
 22642 | Lair:6   | Found a runed translucent gate.
 22643 | Lair:6   | Found a runed translucent gate.
 22644 | Lair:6   | Noticed spacerossing's ghost (journeyman FoHu)
 22647 | Lair:6   | Found a runed translucent gate.
 23204 | Lair:1   | Killed Gastronok
 23204 | Lair:1   | Reached skill level 10 in Dodging
 23799 | D:12     | Reached skill level 10 in Stealth
 24170 | D:12     | Reached skill level 10 in Invocations
 24170 | D:12     | Reached XP level 15. HP: 114/114 MP: 30/30
 24446 | D:13     | Found a gate to the Vaults.
 24753 | D:13     | Found a gate leading to a gauntlet.
 24762 | Gauntlet | Entered a Gauntlet
 24762 | Gauntlet | Found a transporter.
 24762 | Gauntlet | Found a transporter.
 24766 | Gauntlet | Found a transporter.
 24766 | Gauntlet | Found a transporter.
 24779 | Gauntlet | Found a transporter.
 24794 | Gauntlet | Found a transporter.
 24806 | Gauntlet | Found a transporter.
 24808 | Gauntlet | Found a transporter.
 24833 | Gauntlet | Found a transporter.
 24840 | Gauntlet | Found a transporter.
 24862 | Gauntlet | Found a transporter.
 24912 | Gauntlet | Found a transporter.
 24931 | Gauntlet | Found a transporter.
 25038 | Gauntlet | Found a transporter.
 25062 | Gauntlet | Found a transporter.
 25065 | Gauntlet | Found a transporter.
 25421 | Gauntlet | Got a clouded brass amulet
 25424 | Gauntlet | Identified the amulet of Gin and Tonic {Gourm Int+3} (You
                  | found it in a Gauntlet)
 26237 | D:14     | Found Oshranacsae's Magic Scroll Boutique.
 26299 | D:14     | Found a runed translucent door.
 26301 | D:14     | Noticed Tartanist's ghost (journeyman GrFi)
 26361 | D:14     | Killed Tartanist's ghost
 26927 | D:14     | Reached XP level 16. HP: 121/122 MP: 27/31
 27030 | D:15     | Entered Level 15 of the Dungeon
 27421 | D:15     | Identified the Compendium of the Compass and Shape Shifting
 27751 | D:15     | Reached skill level 10 in Fighting
 27751 | D:15     | Reached skill level 10 in Short Blades
 27751 | D:15     | Reached skill level 10 in Long Blades
 27751 | D:15     | Reached skill level 10 in Axes
 27751 | D:15     | Reached skill level 10 in Maces & Flails
 27751 | D:15     | Reached skill level 10 in Polearms
 27751 | D:15     | Reached skill level 10 in Staves
 27751 | D:15     | Reached skill level 10 in Slings
 27751 | D:15     | Reached skill level 10 in Bows
 27751 | D:15     | Reached skill level 10 in Crossbows
 27751 | D:15     | Reached skill level 10 in Throwing
 27751 | D:15     | Reached skill level 10 in Armour
 27751 | D:15     | Reached skill level 10 in Shields
 27751 | D:15     | Reached skill level 10 in Unarmed Combat
 27751 | D:15     | Reached skill level 10 in Evocations
 27916 | D:15     | Noticed a quicksilver dragon
 27916 | D:15     | an iron troll changed into a quicksilver dragon
 27925 | D:15     | a quicksilver dragon changed into a frost giant
 27932 | D:15     | Noticed a sphinx
 27932 | D:15     | a frost giant changed into a sphinx
 27941 | D:15     | Noticed a quicksilver dragon
 27941 | D:15     | a sphinx changed into a quicksilver dragon
 27946 | D:15     | a quicksilver dragon changed into a frost giant
 27953 | D:15     | Noticed an azure jelly
 27953 | D:15     | a frost giant changed into an azure jelly
 27957 | D:15     | Killed an azure jelly
 28077 | D:15     | Found a staircase to the Depths.
 28359 | Orc:1    | Entered Level 1 of the Orcish Mines
 28364 | Orc:1    | Noticed Maurice
 28372 | Orc:1    | Noticed Josephine
 28380 | Orc:1    | Killed Maurice
 28406 | Orc:1    | Killed Josephine
 28732 | Orc:1    | Found a roughly hewn altar of Beogh.
 28763 | Orc:2    | Entered Level 2 of the Orcish Mines
 28902 | Orc:2    | Found a staircase to the Elven Halls.
 28991 | Orc:2    | Found a roughly hewn altar of Beogh.
 29060 | Orc:2    | Found a roughly hewn altar of Beogh.
 29102 | Orc:2    | Found Temoidif's Distillery.
 29245 | Orc:2    | Found Yjokesayk's Antique Weapon Shoppe.
 29246 | Orc:2    | Found a roughly hewn altar of Beogh.
 29247 | Orc:2    | Found Keikumm's Antique Armour Emporium.
 29292 | Orc:2    | Bought a smoking scimitar for 243 gold pieces
 29294 | Orc:2    | Identified the +1 scimitar of Power {drain, *Slow rElec
                  | rF+} (You bought it in a shop on level 2 of the Orcish
                  | Mines)
 29447 | Orc:2    | Found a roughly hewn altar of Beogh.
 29528 | Orc:2    | Found a roughly hewn altar of Beogh.
 29540 | Orc:2    | Found Qobbata's Book Shoppe.
 29728 | Orc:2    | Identified the +1 helmet of Analysis {rPois rF+ rN+ rCorr}
                  | (You found it on level 3 of the Lair of Beasts)
 29926 | Elf:1    | Entered Level 1 of the Elven Halls
 30026 | Elf:1    | Noticed Frances
 30206 | Spider:1 | Entered Level 1 of the Spider Nest
 30275 | Spider:1 | Noticed Azrael
 30299 | Spider:1 | Killed Azrael
 31116 | Spider:1 | Noticed Roxanne
 31480 | Spider:1 | Noticed Agnes
 31486 | Spider:1 | Killed Agnes
 31617 | Spider:1 | Noticed Donald
 33609 | Spider:2 | Noticed Asterion
 33610 | Spider:2 | Noticed Arachne
 33625 | Spider:2 | Killed Arachne
 33628 | Spider:2 | Noticed an Executioner
 33630 | Spider:2 | Killed Asterion
 33630 | Spider:2 | Reached XP level 17. HP: 56/129 MP: 25/33
 35404 | Spider:3 | Noticed Louise
 35419 | Spider:3 | Killed Louise
 35725 | Spider:4 | Entered Level 4 of the Spider Nest
 36421 | Spider:4 | Learned a level 6 spell: Deflect Missiles
 37525 | Spider:4 | Got a gossamer rune of Zot
 37698 | Shoals:1 | Entered Level 1 of the Shoals
 38336 | Shoals:1 | Reached skill level 10 in Conjurations
 38336 | Shoals:1 | Reached skill level 10 in Summonings
 38336 | Shoals:1 | Reached skill level 10 in Translocations
 38353 | Shoals:1 | Found a runed translucent gate.
 38354 | Shoals:1 | Found a runed translucent gate.
 38354 | Shoals:1 | Found an opulent altar of Gozag.
 38355 | Shoals:1 | Found a runed translucent gate.
 38356 | Shoals:1 | Noticed voshxz's ghost (journeyman GrFi)
 38631 | Shoals:3 | Noticed Aizul
 38646 | Shoals:3 | Killed Aizul
 38690 | Shoals:3 | Reached XP level 18. HP: 106/138 MP: 32/35
 38833 | Shoals:4 | Entered Level 4 of the Shoals
 38987 | Shoals:4 | Slain by a merfolk impaler

Skill      XL: |  1  2  3  4  5  6  7  8  9 10 11 12 13 14 15 16 17 |
---------------+----------------------------------------------------+-----
Conjurations   | 2 3 4 5 6 7 8 9 10 | 10.0
Summonings     | 2 3 4 5 6 7 8 9 10 | 10.0
Translocations | 2 3 4 5 6 7 8 9 10 | 10.0
Invocations    | 1 2 3 4 5 6 7 8 9 10 11 12 | 12.4
Fighting       | 1 2 3 4 5 6 7 8 9 10 11 | 11.4
Short Blades   | 1 2 3 4 5 6 7 8 9 10 11 | 11.4
Long Blades    | 1 2 3 4 5 6 7 8 9 10 11 | 11.4
Axes           | 1 2 3 4 5 6 7 8 9 10 11 | 11.4
Maces & Flails | 1 2 3 4 5 6 7 8 9 10 11 | 11.4
Polearms       | 1 2 3 4 5 6 7 8 9 10 11 | 11.4
Staves         | 1 2 3 4 5 6 7 8 9 10 11 | 11.4
Slings         | 1 2 3 4 5 6 7 8 9 10 11 | 11.4
Bows           | 1 2 3 4 5 6 7 8 9 10 11 | 11.4
Crossbows      | 1 2 3 4 5 6 7 8 9 10 11 | 11.4
Throwing       | 1 2 3 4 5 6 7 8 9 10 11 | 11.4
Armour         | 1 2 3 4 5 6 7 8 9 10 11 | 11.4
Shields        | 1 2 3 4 5 6 7 8 9 10 11 | 11.4
Unarmed Combat | 1 2 3 4 5 6 7 8 9 10 11 | 11.4
Evocations     | 1 2 3 4 5 6 7 8 9 10 11 | 11.4
Hexes          | 1 2 3 4 5 6 7 8 9 |  9.8
Charms         | 1 2 3 4 5 6 7 8 9 |  9.8
Necromancy     | 1 2 3 4 5 6 7 8 9 |  9.8
Transmutations | 1 2 3 4 5 6 7 8 9 |  9.8
Fire Magic     | 1 2 3 4 5 6 7 8 9 |  9.8
Ice Magic      | 1 2 3 4 5 6 7 8 9 |  9.8
Air Magic      | 1 2 3 4 5 6 7 8 9 |  9.8
Earth Magic    | 1 2 3 4 5 6 7 8 9 |  9.8
Poison Magic   | 1 2 3 4 5 6 7 8 9 |  9.8
Dodging        | 5 6 7 8 9 10 11 12 | 12.2
Stealth        | 5 6 7 8 9 10 12 13 | 13.5
Spellcasting   | 8 9 10 11 12 13 | 13.2

Action                   |  1- 3 |  4- 6 |  7- 9 | 10-12 | 13-15 | 16-18 || total
-------------------------+-------+-------+-------+-------+-------+-------++-------
Melee: Unarmed           |     2 |       |       |       |       |       ||     2
       Short sword       |     3 |    43 |       |       |       |       ||    46
       Bite              |       |     7 |    27 |   148 |   209 |   278 ||   669
       Punch             |       |     1 |     4 |       |       |       ||     5
       Whip              |       |       |   223 |   170 |       |       ||   393
       Falchion          |       |       |       |   450 |   673 |   974 ||  2097
 Cast: Magic Dart        |    80 |   203 |   270 |   469 |   184 |    37 ||  1243
       Mephitic Cloud    |       |     8 |    26 |    37 |    37 |     9 ||   117
       Call Imp          |       |     1 |       |       |     1 |       ||     2
       Conjure Flame     |       |       |    12 |     6 |     6 |       ||    24
       Blink             |       |       |     1 |     2 |     4 |     2 ||     9
       Summon Lightning  |       |       |       |    11 |    62 |   151 ||   224
       Passage of Golubr |       |       |       |     2 |     1 |     3 ||     6
       Deflect Missiles  |       |       |       |       |       |     2 ||     2
Evoke: Wand              |       |     1 |       |     3 |       |    15 ||    19
  Use: Scroll            |       |     3 |       |    17 |     7 |    14 ||    41
       Potion            |       |       |       |       |     1 |     7 ||     8
 Stab: Confused          |       |     2 |    12 |    27 |    33 |     8 ||    82
       Distracted        |       |       |       |     3 |    18 |    35 ||    56
       Sleeping          |       |       |       |     1 |     3 |     4 ||     8
       Held in net/web   |       |       |       |       |       |     1 ||     1
       Paralysed         |       |       |       |       |       |     3 ||     3
       Invisible         |       |       |       |       |       |     1 ||     1
  Eat: Chunk             |     1 |    18 |    15 |    17 |    16 |    21 ||    88
Armor: Robe              |     3 |    15 |    50 |     2 |       |       ||    70
       Skin              |       |     1 |       |       |       |       ||     1
       Chain mail        |       |       |       |   367 |   248 |   488 ||  1103
Dodge: Dodged            |    16 |    84 |   181 |   369 |   393 |   886 ||  1929
       Deflected         |       |       |       |       |       |     9 ||     9
Block: Buckler           |       |       |       |   227 |   269 |   636 ||  1132
       Rpst.: Falchion   |       |       |       |    91 |   102 |   193 ||   386
